 Dungeon Crawl Stone Soup version 0.27.1 (webtiles) character file.

Game seed: 766360015537015233

20 ZARRMARR the Insei (level 2, -3/18 HPs)
             Began as an Octopode Transmuter on Aug 30, 2021.
             Slain by an orc (7 damage)
             ... on level 2 of the Dungeon.
             The game lasted 00:05:29 (896 turns).

ZARRMARR the Insei (Octopode Transmuter)             Turns: 896, Time: 00:05:29

Health: -3/18      AC:  1    Str:  9    XL:     2   Next: 79%
Magic:  4/5        EV: 13    Int: 15    God:
Gold:   28         SH:  5    Dex: 12    Spells: 4/5 levels left

rFire    . . .     SeeInvis .     - Unarmed
rCold    . . .     Faith    .   (no shield)
rNeg     . . .     Spirit   .   (helmet currently unavailable)
rPois    .         Reflect  +   b - amulet of reflection
rElec    .         Harm     .   (no ring)
rCorr    .         Rampage  .   (no ring)
Will     .....                  (no ring)
Stlth    ++........             (no ring)
HPRegen  0.06/turn              (no ring)
MPRegen  0.09/turn              (no ring)
                                (no ring)
                                (no ring)

@: appendages
A: tentacle spike 3, almost no armour, amphibious, 8 rings, camouflage 1,
gelatinous body 1, (nimble swimmer 1), tentacles
a: End Transformation


You were on level 2 of the Dungeon.
One of your tentacles had grown a beastly spike.
You visited 1 branch of the dungeon, and saw 2 of its levels.

You collected 28 gold pieces.

Inventory:

Hand Weapons
 a - a +3 hand axe of electrocution
Jewellery
 b - an amulet of reflection (around mantle)
Potions
 f - a potion of resistance {unknown}


   Skills:
 - Level 1.0 Fighting
 - Level 2.0 Dodging
 + Level 3.7 Unarmed Combat
 - Level 2.0 Spellcasting
 + Level 2.4 Transmutations


You had 4 spell levels left.
You knew the following spells:

 Your Spells              Type           Power      Damage    Failure   Level
a - Beastly Appendage     Tmut           16%        N/A       9%          1

Your spell library contained the following spells:

 Spells                   Type           Power      Damage    Failure   Level
 Wereblood                Tmut           8%         N/A       13%         2
 Spider Form              Tmut/Pois      2%         N/A       38%         3
 Ice Form                 Ice/Tmut       5%         N/A       80%         4


Dungeon Overview and Level Annotations

Branches:
Dungeon (2/15)

Altars:


Innate Abilities, Weirdness & Mutations

One of your tentacles has grown a beastly spike.
You cannot wear most types of armour.
You are amphibious.
You can wear up to eight rings at the same time.
Your skin changes colour to match your surroundings (Stealth+).
Your rubbery body absorbs attacks. (AC +1, EV +1)
((You are camouflaged near water. (Stealth+)))
You have tentacles for arms and can constrict up to eight enemies at once.


Message History

You start resting.
Your transformation is almost over.
You see here 25 stones.
Magic restored.
Your tentacle spike disappears.
Things that are here:
4 stones; a +0 club
There is a stone staircase leading down here.
You climb downwards.
Found a cyan potion, 7 gold pieces and a dyed leather armour.
There is a stone staircase leading up here.
Casting: Beastly Appendage (safe; 9% risk of failure)
Confirm with . or Enter, or press ? or * to list all spells.
One of your tentacles grows a vicious spike.
The helpless orc fails to defend itself.
You tentacle-slap the orc. You grab the orc.
The orc is heavily wounded.
You constrict the orc, but do no damage.
The orc struggles to escape constriction.
You tentacle-slap the rat. Your grab misses the rat.
Your tentacle spike misses the rat.
The rat is severely wounded.
You constrict the orc, but do no damage.
The orc shouts!
You hear a shout! x2
An orc comes into view. It is wielding a +0 club.
The orc escapes!
The rat twitches its whiskers.
The rat misses you.
The orc shouts!
You barely miss the rat. You grab the rat.
The rat is severely wounded.
You constrict the rat.
You kill the rat!
The orc closely misses you.
An orc comes into view. It is wielding a +0 club.
The orc hits you with a +6 war axe of flaming!
Ouch! That really hurt!
* * * LOW HITPOINT WARNING * * *
The orc burns you!
You die...

#########
#$......#
##!......##
..........#####
.#............#
........@#
........o#
........o#
.........#
.......o.o
.#...##..#.
....# #.####
.[.. ..# ...
..#


You could see 4 orcs.

Vanquished Creatures
  A dart slug (D:2)
  A ball python (D:1)
  3 bats (D:1)
  2 endoplasms
  2 giant cockroaches (D:1)
  2 goblins (D:1)
  2 kobolds (D:1)
  A frilled lizard (D:1)
  A rat (D:2)
15 creatures vanquished.

Notes
Turn   | Place    | Note
-------+----------+-------------------------------------------
     0 | D:1      | ZARRMARR the Octopode Transmuter began the quest for the
                  | Orb.
     0 | D:1      | Reached XP level 1. HP: 13/13 MP: 3/3
    27 | D:1      | Found a faded altar of an unknown god.
   360 | D:1      | Reached XP level 2. HP: 18/18 MP: 3/5
   896 | D:2      | Slain by an orc

Illustrated notes

Levels and vault maps discovered:
D:1:      mrwooster_arrival_statue_2, layout_loops_ring,
          shapermc_ecumenical_altar_acropolis
D:2:      layout_rooms, minmay_tromino_i2

Action                   || total
-------------------------++-------
Melee: Unarmed           ||    26
       Constrict         ||     9
       Hand axe          ||     4
       Kick              ||     4
       Tentacles         ||     4
       Punch             ||     1
 Cast: Beastly Appendage ||    14
  Use: Scroll            ||     4
 Stab: Sleeping          ||     2
Armor: Skin              ||     6
Dodge: Dodged            ||    14
Block: Other             ||     1
